 Dungeon Crawl Stone Soup version 0.23.2-30-g0e89c35649 (webtiles) character file.

Game seed: 17461446104641076217

162815 H0rd4k the Spear-Bearer (level 18, 0/145 HPs)
             Began as a Human Artificer on June 20, 2019.
             Was an Initiate of Gozag.
             Slain by a merfolk impaler
             ... wielding a +5 trident of freezing
              (1 damage)
             ... on level 4 of the Shoals on June 24, 2019.
             The game lasted 01:45:36 (37118 turns).

H0rd4k the Spear-Bearer (Human Artificer)          Turns: 37118, Time: 01:45:37

Health: 0/145      AC: 24    Str: 22    XL:     18   Next: 45%
Magic:  0/22       EV: 17    Int: 16    God:    Gozag
Gold:   1641       SH:  0    Dex: 19    Spells: 17/17 levels left

rFire    . . .     SeeInvis .   s - +7 spear of Fapidghy {elec, +Fly rPois}
rCold    . . .     Gourm    .   (no shield)
rNeg     . . .     Faith    .   z - +6 scale mail "Rytoa" {rPois MR+ Dex+4}
rPois    +         Spirit   +   (no helmet)
rElec    .         Reflect  .   o - +0 cloak
rCorr    +         Harm     .   F - +2 pair of gloves
MR       ++...                  W - +2 pair of boots {run}
Stlth    ++++......             j - amulet of guardian spirit
HPRegen  0.34/turn              a - ring of resist corrosion
MPRegen  0.18/turn              I - +2 ring of intelligence

@: mighty, about to teleport, gold aura, studying Evocations, quick
A: no striking features
a: Potion Petition, Call Merchant, Bribe Branch, Renounce Religion, Evoke Flight


You were on level 4 of the Shoals.
You worshipped Gozag.
Gozag was most pleased with you.
You were not hungry.

You visited 7 branches of the dungeon, and saw 29 of its levels.
You also visited: Ossuary and Volcano.

You collected 10213 gold pieces.
You spent 5216 gold pieces at shops.
You paid 3356 gold pieces to Gozag.

Inventory:

Hand Weapons
 n - a +4 glaive of venom
 s - the +7 spear of Fapidghy (weapon) {elec, +Fly rPois}
   (You took it off an orc priest on level 6 of the Dungeon)

   Occasionally, upon striking a foe, it will discharge some electrical energy
   and cause terrible harm.
   It protects you from poison.
   It lets you fly.
 M - the +10 hand crossbow "Ybboxin" {speed, Int+4}
   (You found it on level 1 of the Lair of Beasts)

   Attacks with this weapon are significantly faster.
   It affects your intelligence (+4).
 X - the +8 hand crossbow of the Pure Stories {freeze, *Corrode Int+6 Dex+6}
   (You bought it in a shop on level 9 of the Dungeon)

   It causes projectiles fired from it to freeze those they strike, causing
   extra injury to most foes and up to half again as much damage against
   particularly susceptible opponents.
   They can also slow down cold-blooded creatures.
   It affects your intelligence (+6).
   It affects your dexterity (+6).
   It may corrode you when you take damage.
 Y - the +2 spear of the Land of Plenty {holy, +Inv rF+ MR+ Stlth+}
   (You bought it in a shop on level 9 of the Dungeon)

   It has been blessed by the Shining One to cause great damage to the undead
   and demons.
   It protects you from fire.
   It affects your resistance to hostile enchantments.
   It lets you turn invisible.
   It makes you more stealthy.
Missiles
 p - 36 javelins (quivered)
 N - 50 bolts
Armour
 o - a +0 cloak (worn)
 z - the +6 scale mail "Rytoa" (worn) {rPois MR+ Dex+4}
   (You found it on level 5 of the Dungeon)

   It affects your dexterity (+4).
   It protects you from poison.
   It affects your resistance to hostile enchantments.
 F - a +2 pair of gloves (worn)
 W - a +2 pair of boots of running (worn)
Jewellery
 a - a ring of resist corrosion (left hand)
 j - an amulet of guardian spirit (around neck)
 w - the ring "Pulloe" {rF+ Dex+4 SInv}
   (You took it off an orc priest on level 12 of the Dungeon)

   [ring of protection from fire]

   It affects your dexterity (+4).
   It protects you from fire.
   It lets you see invisible.
 y - a +3 ring of protection
 B - an uncursed ring of protection from fire
 I - a +2 ring of intelligence (right hand)
 J - a +1 ring of evasion
 Q - an uncursed ring of positive energy {unknown}
Wands
 d - a wand of enslavement (21)
 e - a wand of iceblast (14)
 t - a wand of acid (1)
 C - a wand of polymorph (17)
 E - a wand of paralysis (11)
 H - a wand of random effects (19)
 P - a wand of disintegration (39)
 V - a wand of flame (68)
Scrolls
 b - 10 scrolls of identify
 g - 4 scrolls of teleportation
 l - a scroll of blinking
 m - 14 scrolls of remove curse
 q - 11 scrolls of magic mapping
 r - a scroll of amnesia
 u - 3 scrolls of enchant armour
 v - 3 scrolls of fog
 G - 5 scrolls of fear
Potions
 c - 3 potions of flight
 h - 9 potions of lignification
 k - 5 potions of haste
 A - 2 potions of agility
 D - 4 potions of berserk rage
 K - 11 potions of curing
 O - 2 potions of might
 S - 4 potions of magic
 T - a potion of cancellation
 U - 5 potions of ambrosia
Books
 L - a manual of Evocations
Miscellaneous
 i - a lightning rod (3/4)
 x - a lightning rod (3/4)
 R - a phial of floods
Comestibles
 f - 19 rations


   Skills:
 + Level 13.9 Fighting
   Level 2.6 Short Blades
 + Level 13.9 Polearms
 + Level 12.5 Crossbows
 + Level 2.0 Throwing
 + Level 12.6 Armour
 + Level 9.4 Dodging
 + Level 10.8 Stealth
 + Level 1.4 Unarmed Combat
 + Level 6.5 Evocations


You had 17 spell levels left.
You didn't know any spells.
Your spell library contained the following spells:

 Spells                   Type           Power        Failure   Level  Hunger
 Beastly Appendage        Tmut           #.....       45%         1    ##.....
 Corona                   Hex            #......      45%         1    ##.....
 Sting                    Conj/Pois      #...         45%         1    ##.....
 Ensorcelled Hibernation  Hex/Ice        #.....       61%         2    ###....
 Poisonous Vapours        Pois/Air       #.....       61%         2    ###....
 Slow                     Hex            #.......     61%         2    ###....
 Confuse                  Hex            #.......     83%         3    ####...
 Dazzling Spray           Conj/Hex       #.....       83%         3    ####...
 Ignite Poison            Fire/Tmut/Pois #.......     83%         3    ####...
 Inner Flame              Hex/Fire       #.......     83%         3    ####...
 Mephitic Cloud           Conj/Pois/Air  #.......     83%         3    ####...
 Portal Projectile        Hex/Tloc       #.....       83%         3    ####...
 Tukima's Dance           Hex            #.......     83%         3    ####...
 Cause Fear               Hex            #.........   99%         4    #####..
 Leda's Liquefaction      Hex/Erth       #.........   99%         4    #####..
 Olgreb's Toxic Radiance  Pois           #.......     99%         4    #####..
 Fireball                 Conj/Fire      #.........   100%        5    ######.
 Venom Bolt               Conj/Pois      #.........   100%        5    ######.
 Bolt of Fire             Conj/Fire      #.........   100%        6    #######
 Ring of Flames           Chrm/Fire      #.........   100%        7    #######
 Ignition                 Fire           #.........   100%        8    #######


Dungeon Overview and Level Annotations

Branches:
Dungeon (14/15)            Temple (1/1) D:5            Lair (6/6) D:8
 Shoals (4/4) Lair:2       Spider (1/4) Lair:3        Slime (0/5) Lair:6
    Orc (2/2) D:9             Elf (1/3) Orc:2        Vaults (0/5) D:13

Altars:
Ashenzari
Cheibriados
Dithmenos
Elyvilon
Fedhas
Gozag
Hepliaklqana
Kikubaaqudgha
Makhleb
Nemelex Xobeh
Okawaru
Qazlal
Ru
Sif Muna
Trog
Uskayaw
Vehumet
Wu Jian
Xom
Yredelemnul
Zin
The Shining One
Beogh
Lugonu

Shops:
D:9 [[(   Orc:2 !*%}   Lair:2 =   Shoals:4 *

Annotations:
D:2 exclusion: 2 downstairs
D:8 exclusion: downstairs
D:9 exclusion: downstairs
D:12 exclusion: downstairs
D:14 exclusion: 2 ugly things, Agnes
Lair:2 1 exclusion
Lair:3 1 exclusion
Lair:5 1 exclusion
Shoals:1 exclusion: downstairs
Spider:1 1 exclusion, Asterion


Message History

You see here 7 gold pieces.
The tentacle slaps you! The tentacle freezes you!!
* * * LOW HITPOINT WARNING * * *
The merfolk impaler closely misses you.
The merfolk impaler hits you but does no damage.
The merfolk impaler hits you from afar with a +3 trident of piercing!
* * * LOW HITPOINT WARNING * * *
x2 Unknown command.
As you read the scroll of teleportation, it crumbles to dust.
You feel strangely unstable. The tentacle closely misses you.
The merfolk impaler misses you. The tentacle slaps you.
* * * LOW HITPOINT WARNING * * *
The tentacle freezes you!!
* * * LOW HITPOINT WARNING * * *
The merfolk impaler closely misses you.
The merfolk impaler hits you from afar with a +5 trident of freezing.
* * * LOW HITPOINT WARNING * * *
The merfolk impaler freezes you.
You die...
Your body crumbles into a pile of gold.

≈≈≈≈≈≈P≈≈≈≈≈≈.#######..≈≈≈≈≈≈≈
≈≈≈≈≈≈≈≈≈≈≈≈## .# #.##≈≈≈≈≈≈≈≈
≈≈≈≈≈≈≈≈≈≈≈≈# ..≈. .#≈≈≈≈≈≈≈≈
≈≈≈≈≈≈≈≈≈≈.≈## w#. .###≈≈≈≈≈≈≈
≈≈≈≈≈≈≈.....≈# Zm .≈ #≈≈≈≈≈≈≈
≈≈≈≈≈≈......###*#t#.###≈≈≈≈≈≈≈
≈≈≈≈≈≈^.....##│mmH...##≈≈≈≈≈≈≈
≈≈≈≈≈≈.......#wm# ##≈..≈≈≈≈≈
≈≈##≈≈≈#.....@#######....≈≈≈≈≈
#######......#..##.#....≈≈≈≈≈
##≈≈#≈≈≈##..............≈≈≈≈≈≈
#≈≈≈≈≈≈≈#≈≈.............≈≈≈≈≈≈
##≈#≈#)###..............≈≈≈≈≈≈ .
#≈≈≈≈≈≈##..............≈≈≈≈≈≈≈ .
#≈≈#≈#≈≈#.............≈≈≈≈≈≈≈≈
.≈
#≈)≈≈≈≈.##.)........≈≈≈≈≈≈≈≈≈≈
≈.##)≈###≈###....≈≈≈≈≈≈≈≈≈≈≈≈≈≈≈


You could see 4 merfolk impalers, a snapping turtle, a manticore, 2 tentacles
and a kraken simulacrum.

Vanquished Creatures
  A red draconian (Volcano)
  Azrael (D:12)
  An ettin (Orc:2)
  Snorg (Lair:6)
  3 merfolk javelineers
  A fire dragon (Lair:6)
  2 merfolk impalers
  The ghost of OmG the Destroyer, a journeyman DsCj of Cheibriados (D:11)
  Harold (D:7)
  2 vault guards (D:13)
  4 hydras
  3 centaur warriors
  9 two-headed ogres
  3 merfolk aquamancers
  A merfolk avatar (Shoals:3)
  Erica (D:8)
  2 ogre magi (Orc:2)
  A satyr (Shoals:3)
  The ghost of Thantalas the Magician, a novice GnAE of Vehumet (D:9)
  An iron troll (Orc:2)
  3 sea snakes
  A deep troll (Orc:2)
  3 unseen horrors
  A lindwurm (Lair:6)
  8 wolf spiders
  14 harpies
  An orc sorcerer (Orc:1)
  2 orb spiders (Spider:1)
  3 deep elf magi
  2 orc knights
  18 fauns
  2 oklob plants
  11 manticores
  7 cyclopes
  9 merfolk sirens
  3 water nymphs
  5 torpor snails (Lair:6)
  2 molten gargoyles (Volcano)
  8 black mambas
  3 elephants (Lair:6)
  A gargoyle (D:9)
  3 centaur skeletons
  2 rime drakes
  3 demonic crawlers (Spider:1)
  5 spiny frogs
  9 komodo dragons
  2 yaktaurs (Volcano)
  16 trolls
  11 hornets
  26 merfolk
  3 blink frogs (Lair:2)
  3 jumping spiders (Spider:1)
  4 tyrant leeches (Lair:6)
  7 wind drakes
  Grinder (D:3)
  A meliai zombie (D:13)
  9 dream sheep
  12 hippogriffs
  5 snapping turtles
  A vampire (D:14)
  5 tarantellas (Spider:1)
  6 water elementals
  45 yaks
  3 fire elementals (D:12)
  A shadow (D:9)
  11 redbacks (Spider:1)
  7 wraiths
  2 fire bats (Volcano)
  11 humans
  4 hungry ghosts
  Menkaure (D:4)
  Edmund (D:4)
  4 wargs
  7 water moccasins
  3 hell hounds (D:12)
  2 acid dragons
  5 porcupines
  Duvessa (D:6)
  23 orc warriors
  A swamp drake (D:9)
  2 sky beasts
  A meliai simulacrum (D:10)
  A phantom (D:13)
  A black bear (shapeshifter) (D:13)
  6 ice beasts
  26 ogres
  17 centaurs
  8 crocodiles
  2 big kobolds
  Blork the orc (D:6)
  16 bullfrogs
  7 hounds
  Dowan (D:6)
  A wyvern zombie (D:14)
  A gnoll sergeant (D:9)
  4 scorpions
  11 killer bees
  3 electric eels (Lair:6)
  8 wights
  4 howler monkeys
  11 crimson imps
  4 lava snakes (Volcano)
  2 quasits
  2 bullfrog zombies
  2 centaur zombies
  8 jellies
  14 orc priests
  23 orc wizards
  Ijyb (D:4)
  Natasha (D:3)
  4 iguanas
  14 worker ants
  Terence (D:3)
  2 big kobold zombies (Ossuary)
  2 mummies (Ossuary)
  A worker ant zombie (D:5)
  9 gnolls
  13 adders
  A shadow imp (D:6)
  12 white imps (D:11)
  3 oozes
  An adder skeleton (D:4)
  7 adder zombies
  A worm (D:4)
  2 dart slugs (D:1)
  5 leopard geckos
  73 orcs
  6 bats
  4 giant cockroaches
  5 gnoll zombies
  4 goblins (D:1)
  8 hobgoblins
  8 jackals
  6 quokkas
  10 frilled lizards
  A goblin zombie (D:8)
  4 hobgoblin zombies (Ossuary)
  2 jackal skeletons
  17 kobolds
  5 kobold zombies (Ossuary)
  12 orc zombies (Ossuary)
  5 rats
  A rat zombie (D:8)
  3 plants
854 creatures vanquished.

Vanquished Creatures (collateral kills)
  A polar bear (D:10)
  A worker ant (D:5)
  An ooze (D:5)
  A leopard gecko (D:10)
  2 orcs
6 creatures vanquished.

Vanquished Creatures (others)
  A dancing weapon (D:11)
  A centaur skeleton (D:12)
  A polar bear (D:10)
  A wind drake (Shoals:1)
  A water elemental (Shoals:1)
  An ice beast (D:8)
  A centaur (D:5)
  A water moccasin skeleton (D:5)
  A hound (D:6)
  An orc wizard (D:12)
  An ufetubus (D:10)
  A jackal (D:3)
  A bush (Lair:6)
  3 fungi (Lair:6)
  32 plants
  5 toadstools (D:1)
53 creatures vanquished.

Grand Total: 913 creatures vanquished

Notes
Turn   | Place    | Note
-------+----------+-------------------------------------------
     0 | D:1      | H0rd4k the Human Artificer began the quest for the Orb.
     0 | D:1      | Reached XP level 1. HP: 15/15 MP: 3/3
    48 | D:1      | Reached XP level 2. HP: 14/21 MP: 4/4
   191 | D:1      | Reached XP level 3. HP: 12/26 MP: 5/5
   918 | D:1      | You fall through a shaft!
  1057 | D:2      | Found a shadowy altar of Dithmenos.
  1059 | D:2      | Found a stormy altar of Qazlal.
  1231 | D:2      | Reached skill level 1 in Armour
  1303 | D:1      | Reached XP level 4. HP: 13/32 MP: 6/6
  1635 | D:2      | Found a blossoming altar of Fedhas.
  2073 | D:3      | Reached XP level 5. HP: 30/37 MP: 7/7
  2931 | D:3      | Found a radiant altar of Vehumet.
  2936 | D:3      | Found an ancient bone altar of Kikubaaqudgha.
  2937 | D:3      | Found a deep blue altar of Sif Muna.
  2940 | D:3      | Identified Sif Muna's Tome of Transmutation
  3362 | D:4      | Found an opulent altar of Gozag.
  3363 | D:4      | Found a hazy altar of Hepliaklqana.
  3379 | D:4      | Became a worshipper of Gozag Ym Sagoz the Greedy
  3396 | D:4      | Noticed Menkaure
  3493 | D:4      | You fall through a shaft!
  3493 | D:5      | Entered Level 5 of the Dungeon
  3497 | D:5      | Noticed a centaur
  3517 | D:5      | Reached XP level 6. HP: 18/44 MP: 9/9
  3632 | D:6      | Identified the +7 spear of Fapidghy {elec, +Fly rPois}
  4250 | D:6      | Noticed Blork the orc
  4382 | D:6      | Reached XP level 7. HP: 27/51 MP: 10/10
  4571 | D:5      | Reached skill level 1 in Polearms
  4596 | D:5      | Found a sparkling altar of Nemelex Xobeh.
  4841 | D:5      | Got a distressingly furry scale mail
  4852 | D:5      | Identified the +6 scale mail "Rytoa" {rPois MR+ Dex+4} (You
                  | found it on level 5 of the Dungeon)
  5078 | D:5      | Reached XP level 8. HP: 30/58 MP: 5/11
  5081 | D:5      | Found a glowing golden altar of the Shining One.
  5274 | D:5      | Found a staircase to the Ecumenical Temple.
  5287 | Temple   | Entered the Ecumenical Temple
  5475 | D:4      | Noticed Ijyb
  5481 | D:4      | Killed Ijyb
  5727 | D:4      | Noticed Edmund
  5745 | D:4      | Killed Edmund
  5757 | D:4      | Found a shattered altar of Ashenzari.
  6161 | D:3      | Noticed Terence
  6167 | D:3      | Killed Terence
  6196 | D:3      | Noticed Natasha
  6200 | D:3      | Killed Natasha
  6283 | D:3      | Noticed Grinder
  6287 | D:3      | Killed Grinder
  6292 | D:3      | Reached skill level 5 in Polearms
  6459 | D:3      | Reached XP level 9. HP: 65/65 MP: 12/12
  6506 | D:4      | Killed Menkaure
  6563 | D:4      | Found a shimmering altar of Xom.
  6733 | D:6      | Noticed Duvessa
  6733 | D:6      | Noticed Dowan
  6744 | D:6      | Killed Duvessa
  6744 | D:6      | Reached skill level 5 in Armour
  6763 | D:6      | Killed Dowan
  6888 | D:6      | Killed Blork the orc
  6925 | D:6      | Found a burning altar of Makhleb.
  7616 | D:7      | Noticed Harold
  7636 | D:7      | Killed Harold
  7636 | D:7      | Reached skill level 5 in Fighting
  7636 | D:7      | Reached XP level 10. HP: 47/74 MP: 9/13
  7898 | D:8      | Found a sand-covered staircase.
  8066 | D:8      | Noticed Erica
  8102 | D:8      | Killed Erica
  8328 | D:8      | Found a staircase to the Lair.
  8329 | D:8      | Noticed a komodo dragon
  8444 | D:8      | Found a basalt altar of Yredelemnul.
  8475 | Ossuary  | Entered an ossuary
  9071 | D:9      | Reached XP level 11. HP: 80/81 MP: 12/14
  9072 | D:9      | Reached skill level 5 in Dodging
  9088 | D:9      | Found a staircase to the Orcish Mines.
  9472 | D:9      | Reached skill level 10 in Polearms
  9658 | D:9      | Found a runed translucent gate.
  9659 | D:9      | Found a runed translucent gate.
  9660 | D:9      | Found a runed translucent gate.
  9666 | D:9      | Noticed Thantalas's ghost (novice GnAE)
  9705 | D:10     | Entered Level 10 of the Dungeon
  9780 | D:10     | Noticed a manticore
  9803 | D:10     | Killed a manticore
  9803 | D:10     | Reached skill level 5 in Stealth
  9864 | D:10     | Noticed an orc knight
 10204 | D:9      | Killed an orc knight
 10327 | D:10     | Paralysed by a hornet for 3 turns
 10972 | D:10     | Reached XP level 12. HP: 41/91 MP: 10/15
 10976 | D:10     | Noticed a two-headed ogre
 11275 | D:10     | Killed a two-headed ogre
 11702 | D:10     | Killed an unseen horror
 12188 | D:11     | Found a runed translucent door.
 12190 | D:11     | Found a shimmering altar of Xom.
 12190 | D:11     | Noticed OmG's ghost (journeyman DsCj)
 12192 | D:11     | Noticed a +3 war axe of chaos
 12300 | D:11     | Found a frozen archway.
 12340 | D:11     | Reached skill level 5 in Evocations
 12990 | D:12     | Noticed an eight-headed hydra
 12993 | D:12     | Killed an eight-headed hydra
 13068 | D:12     | Killed an unseen horror
 13368 | D:12     | Identified the ring "Pulloe" {rF+ Dex+4 SInv}
 13375 | D:12     | Reached XP level 13. HP: 75/100 MP: 12/16
 13414 | D:12     | Noticed Azrael
 13948 | Lair:1   | Entered Level 1 of the Lair of Beasts
 13994 | Lair:1   | Noticed a seven-headed hydra
 14000 | Lair:1   | Killed a seven-headed hydra
 14225 | Lair:1   | Got a scorched hand crossbow
 14226 | Lair:1   | Identified the +10 hand crossbow "Ybboxin" {speed, Int+4}
                  | (You found it on level 1 of the Lair of Beasts)
 15304 | Lair:1   | Reached skill level 1 in Crossbows
 16413 | Lair:2   | Reached skill level 1 in Throwing
 16419 | Lair:2   | Found a staircase to the Shoals.
 16454 | Lair:2   | Reached skill level 10 in Armour
 16937 | Lair:3   | Found a hole to the Spider Nest.
 17626 | Lair:4   | Noticed a six-headed hydra
 17634 | Lair:4   | Killed a six-headed hydra
 17732 | Lair:4   | Found a dark tunnel.
 17739 | Volcano  | Entered a volcano
 18313 | Volcano  | Found a burning altar of Makhleb.
 18313 | Volcano  | Noticed a centaur warrior
 18318 | Volcano  | Killed a centaur warrior
 18318 | Volcano  | Reached skill level 10 in Fighting
 18392 | Volcano  | Noticed a red draconian
 18973 | Volcano  | Killed a red draconian
 18973 | Volcano  | Reached XP level 14. HP: 77/110 MP: 13/18
 19924 | Lair:5   | Reached skill level 5 in Crossbows
 20898 | Lair:6   | Entered Level 6 of the Lair of Beasts
 21471 | Lair:6   | Found a staircase to the Slime Pits.
 21830 | Lair:6   | Found a runed translucent door.
 21993 | Lair:6   | Paralysed by a hornet for 2 turns
 22941 | Lair:6   | Noticed Snorg
 22952 | Lair:6   | Killed Snorg
 23400 | Lair:6   | Identified a scroll of acquirement
 23401 | Lair:6   | Got a pair of scorched boots
 23407 | Lair:6   | Identified the +1 pair of boots of Whack-A-Mole {*Corrode
                  | rF+ Str+3 Int+3} (You acquired it on level 6 of the Lair of
                  | Beasts)
 23739 | D:9      | Killed Thantalas's ghost
 23832 | Orc:1    | Entered Level 1 of the Orcish Mines
 23837 | Orc:1    | Found a roughly hewn altar of Beogh.
 24051 | Orc:1    | Reached XP level 15. HP: 85/118 MP: 15/19
 24102 | Orc:1    | Reached skill level 10 in Stealth
 24410 | Orc:2    | Entered Level 2 of the Orcish Mines
 24653 | Orc:2    | Found Immif's Gadget Emporium.
 25379 | Orc:2    | Found Xenibri's Food Emporium.
 25400 | Orc:2    | Found Uxuijeud's General Store.
 25491 | Orc:2    | Found Coir's Distillery.
 25505 | Orc:2    | Bought 2 potions of flight for 60 gold pieces
 25685 | Orc:2    | Found a staircase to the Elven Halls.
 26045 | D:9      | Bought a +2 pair of boots of running for 581 gold pieces
 26062 | D:9      | Bought a transparent scale mail for 225 gold pieces
 26074 | D:9      | Identified the cursed +1 scale mail "Doupof" {-Tele rElec
                  | rF- Regen+} (You bought it in a shop on level 9 of the
                  | Dungeon)
 26299 | D:11     | Killed OmG's ghost
 26606 | Elf:1    | Entered Level 1 of the Elven Halls
 27329 | D:12     | Killed Azrael
 28314 | D:13     | Found a gate to the Vaults.
 28425 | D:13     | Found a snail-covered altar of Cheibriados.
 28507 | D:13     | Reached skill level 10 in Crossbows
 29667 | D:14     | Noticed Agnes
 29952 | D:14     | Reached XP level 16. HP: 103/127 MP: 16/20
 30268 | D:9      | Bought the +8 hand crossbow of the Pure Stories {freeze,
                  | *Corrode Int+6 Dex+6} for 1239 gold pieces
 30268 | D:9      | Bought the +2 spear of the Land of Plenty {holy, +Inv rF+
                  | MR+ Stlth+} for 761 gold pieces
 30437 | Spider:1 | Entered Level 1 of the Spider Nest
 31545 | Spider:1 | Noticed Asterion
 31977 | Shoals:1 | Entered Level 1 of the Shoals
 31983 | Shoals:1 | Got a pitted ring mail
 32004 | Lair:2   | Identified the +0 ring mail of Jigsaw {-Tele Str+3 Int+2
                  | Dex+3} (You found it on level 1 of the Shoals)
 34282 | Shoals:2 | Noticed a kraken
 34891 | Shoals:3 | Reached XP level 17. HP: 116/136 MP: 17/21
 36480 | Shoals:4 | Entered Level 4 of the Shoals
 36480 | Shoals:4 | Found Eigheitwa's Eclectic Emporium.
 36491 | Shoals:4 | Bought a scroll of enchant armour for 105 gold pieces
 36491 | Shoals:4 | Bought a manual of Evocations for 1545 gold pieces
 36491 | Shoals:4 | Bought a potion of experience for 700 gold pieces
 36492 | Shoals:4 | Reached skill level 1 in Unarmed Combat
 36492 | Shoals:4 | Reached XP level 18. HP: 145/145 MP: 22/22
 37118 | Shoals:4 | HP: 3/145 [tentacle[a kraken simulacrum] (26)]
 37118 | Shoals:4 | HP: 1/145 [merfolk impaler/+5 trident of freezing (2)]
 37118 | Shoals:4 | Slain by a merfolk impaler

Skill      XL: |  1  2  3  4  5  6  7  8  9 10 11 12 13 14 15 16 17 |
---------------+----------------------------------------------------+-----
Armour         | 1 2 3 4 6 7 8 9 10 11 12 | 12.6
Short Blades   | 2 |  2.6
Evocations     | 4 5 6 |  6.5
Fighting       | 2 3 5 7 8 10 11 12 13 | 13.9
Dodging        | 3 4 5 6 7 8 9 |  9.4
Stealth        | 2 3 4 5 6 8 9 10 | 10.8
Polearms       | 2 5 8 9 11 12 13 | 13.9
Crossbows      | 4 6 10 11 12 | 12.5
Throwing       | 1 2 |  2.0
Unarmed Combat | 1 |  1.4

Action                   |  1- 3 |  4- 6 |  7- 9 | 10-12 | 13-15 | 16-18 || total
-------------------------+-------+-------+-------+-------+-------+-------++-------
Melee: Short sword       |   143 |    98 |       |       |       |       ||   241
       Spear             |       |    13 |   237 |   880 |  1411 |   509 ||  3050
       Hand crossbow     |       |       |       |       |       |     2 ||     2
 Fire: Hand crossbow     |       |       |       |       |   205 |   612 ||   817
Throw: Javelin           |       |       |       |       |     2 |       ||     2
Invok: Call Merchant     |       |       |       |       |     2 |     2 ||     4
Evoke: Wand              |       |    38 |       |     8 |    11 |     8 ||    65
       Lightning rod     |       |       |       |     4 |       |     1 ||     5
  Use: Scroll            |       |       |       |    24 |    12 |     2 ||    38
       Potion            |       |       |       |     1 |     9 |     3 ||    13
 Stab: Sleeping          |     3 |     1 |     2 |    11 |    18 |     4 ||    39
       Distracted        |       |     1 |       |     9 |    20 |     3 ||    33
       Invisible         |       |       |       |       |     2 |       ||     2
  Eat: Chunk             |     1 |     5 |       |       |       |       ||     6
       Ration            |       |     1 |     3 |     6 |    16 |     6 ||    32
Armor: Leather armour    |    24 |    25 |     3 |       |       |       ||    52
       Scale mail        |       |       |    77 |   299 |   384 |   320 ||  1080
Dodge: Dodged            |   102 |    91 |    82 |   351 |   438 |   485 ||  1549
